 Dungeon Crawl Stone Soup version 0.27.1-3-gb3d3a73c9e (webtiles) character file.

Game seed: 8974527096788196412

106 Eitelfritz the Gusty (level 4, -9/24 HPs)
             Began as a Tengu Air Elementalist on Oct 25, 2021.
             Splashed by Ijyb's acid (16 damage)
             ... on level 3 of the Dungeon.
             The game lasted 00:10:16 (3200 turns).

Eitelfritz the Gusty (Tengu Air Elementalist)       Turns: 3200, Time: 00:10:18

Health: -9/24      AC:  4    Str:  9    XL:     4   Next: 84%
Magic:  7/9        EV: 13    Int: 15    God:
Gold:   58         SH:  0    Dex: 21    Spells: 2/8 levels left

rFire    . . .     SeeInvis .   a - +0 spear
rCold    . . .     Faith    .   (no shield)
rNeg     . . .     Spirit   .   c - +0 robe
rPois    .         Reflect  .   (helmet restricted)
rElec    .         Harm     .   b - +0 cloak
rCorr    .         Rampage  .   o - +0 pair of gloves
Will     .....                  (boots unavailable)
Stlth    ++........             (no amulet)
HPRegen  0.08/turn              k - +6 ring of dexterity
MPRegen  0.11/turn              (no ring)

@: no status effects
A: beak, talons 3
a: no special abilities


You were on level 3 of the Dungeon.
You visited 1 branch of the dungeon, and saw 3 of its levels.

You collected 58 gold pieces.

Inventory:

Hand Weapons
 a - a +0 spear (weapon)
Armour
 b - a +0 cloak (worn)
 c - a +0 robe (worn)
 o - a +0 pair of gloves (worn)
Jewellery
 k - a +6 ring of dexterity (left hand)
 p - an amulet of guardian spirit
 r - a ring of protection from fire
Wands
 d - a wand of paralysis (11)
Scrolls
 f - a scroll of immolation {unknown}
 h - 2 scrolls of fear {unknown}
 i - a scroll of vulnerability {unknown}
 m - a scroll of noise {unknown}
 s - a scroll of magic mapping {unknown}
Potions
 e - a potion of resistance {unknown}
 g - a potion of lignification {unknown}
 j - a potion of berserk rage {unknown}
 l - 2 potions of heal wounds {unknown}
 n - a potion of invisibility {unknown}
 q - a potion of curing {unknown}


   Skills:
 + Level 0.1 Fighting
 + Level 0.4 Polearms
 + Level 2.6 Dodging
 + Level 2.2 Stealth
 + Level 2.6 Spellcasting
 + Level 3.1 Conjurations
 + Level 5.2 Air Magic


You had 2 spell levels left.
You knew the following spells:

 Your Spells              Type           Power      Damage    Failure   Level
a - Shock                 Conj/Air       56%        1d6       3%          1
b - Static Discharge      Conj/Air       14%        N/A       5%          2
c - Swiftness             Air            17%        N/A       8%          3

Your spell library contained the following spells:

 Spells                   Type           Power      Damage    Failure   Level
 Magic Dart               Conj           44%        1d5       6%          1
 Call Imp                 Summ           2%         N/A       30%         2
 Mephitic Cloud           Conj/Pois/Air  10%        N/A       21%         3
 Airstrike                Air            8%         N/A       24%         4
 Gell's Gravitas          Tloc           1%         N/A       52%         3
 Lesser Beckoning         Tloc           1%         N/A       52%         3
 Teleport Other           Tloc           2%         N/A       52%         3
 Iskenderun's Battlesphe  Conj           11%        2d7       85%         5
 Fireball                 Conj/Fire      3%         3d4       97%         5
 Conjure Ball Lightning   Conj/Air       7%         3x3d6     99%         6
 Orb of Destruction       Conj           5%         9d2       100%        7


Dungeon Overview and Level Annotations

Branches:
Dungeon (3/15)

Altars:
Ashenzari

Annotations:
D:3 Ijyb


Innate Abilities, Weirdness & Mutations

You have a beak for a mouth.
You have claws for feet.


Message History

Found a scroll labelled AGEUCE QITANA.
Found a stone staircase leading up.
s - a scroll labelled AGEUCE QITANA Ijyb the Twisted Goblin comes into view.
She is wielding a +0 dagger and carrying a wand of acid (4).
Casting: Shock (safe; 3% risk of failure)
Confirm with . or Enter, or press ? or * to list all spells.
Aiming: Shock (safe; 3% risk of failure)
Press: ? - help, Shift-Dir - straight line The zap hits Ijyb.
Ijyb is moderately wounded.
The zap hits Ijyb.
Ijyb is heavily wounded.
Casting: Shock (safe; 3% risk of failure)
Confirm with . or Enter, or press ? or * to list all spells.
Aiming: Shock (safe; 3% risk of failure)
Press: ? - help, Shift-Dir - straight line The zap hits Ijyb.
Ijyb is severely wounded.
Reach: a) +0 spear
Press: ? - help, Dir - move target, f - Ijyb
Aim: Ijyb, wielding a +0 dagger, wearing a +0 leather armour and carrying a wand of acid (4) (severely wounded, about 42% to evade your +0 spear)
You reach to attack!
You hit Ijyb but do no damage.
Ijyb is severely wounded.
Ijyb zaps a wand.
The bolt of acid misses you.
Reach: a) +0 spear
Press: ? - help, Dir - move target, f/p - Ijyb
Aim: Ijyb, wielding a +0 dagger, wearing a +0 leather armour and carrying a wand of acid (3) (severely wounded, about 42% to evade your +0 spear)
You reach to attack!
You closely miss Ijyb.
Ijyb is severely wounded.
You hit Ijyb but do no damage.
Ijyb is severely wounded.
Ijyb hits you with a +0 dagger.
You barely miss Ijyb. Your kick misses Ijyb. Your peck misses Ijyb.
Ijyb is severely wounded.
Ijyb zaps a wand.
The bolt of acid hits you!
Ouch! That really hurt!
* * * LOW HITPOINT WARNING * * *
You are splashed with acid!
Ouch! That really hurt!
You die...

#...<...).....
#.............
#.............
#####.........
.#............#
###.#.###...######
#.. #...#.........
#.#####.#.########
#@......#.#
#g#####.#.# #..
#...#.#
###.#.###.#
.#.....# #######


You could see Ijyb.

Vanquished Creatures
  2 adders
  2 worms (D:2)
  4 dart slugs
  2 orcs (D:3)
  7 ball pythons
  5 endoplasms
  2 giant cockroaches
  6 goblins
  8 hobgoblins
  5 jackals
  3 quokkas
  4 bats
  3 frilled lizards
  10 kobolds
  6 rats
69 creatures vanquished.

Notes
Turn   | Place    | Note
-------+----------+-------------------------------------------
     0 | D:1      | Eitelfritz the Tengu Air Elementalist began the quest for
                  | the Orb.
     0 | D:1      | Reached XP level 1. HP: 10/10 MP: 4/4
   118 | D:1      | Reached XP level 2. HP: 14/15 MP: 0/6
   181 | D:1      | You fall into a shaft and drop 1 floor!
   564 | D:1      | Reached XP level 3. HP: 19/19 MP: 3/7
   614 | D:1      | Learned a level 2 spell: Static Discharge
   618 | D:1      | Learned a level 3 spell: Swiftness
  1547 | D:2      | Reached XP level 4. HP: 23/24 MP: 4/8
  1591 | D:2      | Reached skill level 5 in Air Magic
  2066 | D:2      | Found a broken altar of Ashenzari.
  3194 | D:3      | Noticed Ijyb
  3200 | D:3      | Splashed by Ijyb's acid

Illustrated notes

Levels and vault maps discovered:
D:1:      psy_arrival_terrarium, layout_rooms, minmay_3d_cube
D:2:      cheibrodos_helix_gallery, layout_basic, basic_altar,
          minmay_small_reverse_x
D:3:      layout_rooms, serial_shops, nicolae_diamond_shop,
          shapermc_ecumenical_altar_hornbeckon, minmay_misc_feat_ornament,
          uniq_ijyb

Skill      XL: |  1  2  3  4 |
---------------+-------------+-----
Conjurations   | 2 3 |  3.1
Air Magic      | 5 |  5.2
Fighting       | |  0.1
Polearms       | |  0.4
Dodging        | |  2.6
Stealth        | |  2.2
Spellcasting   | |  2.6

Action                   |  1- 3 |  4- 6 || total
-------------------------+-------+-------++-------
Melee: Spear             |    17 |    49 ||    66
       Peck              |     2 |     8 ||    10
       Kick              |     2 |     7 ||     9
 Cast: Shock             |    83 |    50 ||   133
Armor: Robe              |    12 |    10 ||    22
Dodge: Dodged            |    11 |    23 ||    34
